Workbook

Sheet Totals
A1: SHOW NAME
A2: DATE
A4: Department | F4: Totals
A6: Construction | B6: Budget | C6: 0
B7: Spent | C7: =Construction!I26 -> 0 | F7: GREY CELLS CLAIMED EXPENSES
B8: Remaining | C8: =Construction!I27 -> 0
A10: Props | B10: Budget | C10: 0
B11: Spent | C11: =Props!I41 -> 0
B12: Remaining | C12: =Props!I42 -> 0
E13: Total Budget | F13: 0
A14: Costume | B14: Budget | C14: 0 | F14: Allocated | G14: =C6+C10+C14+C18+C22+C25+C26+G22+G25+G26 -> 0
B15: Spent | C15: =Costume!I48 -> 0 | F15: Unallocated Amount | G15: =F13-G14 -> 0
B16: Remaining | C16: =Costume!I49 -> 0
F17: Total Spent | G17: =C7+C11+C15+C19+C23+C27 -> 0
A18: Tech | B18: Budget | C18: 0 | F18: Remaining | G18: =F13-G17 -> 0
B19: Spent | C19: =Tech!I27 -> 0
B20: Remaining | C20: =Tech!I28 -> 0
A22: ScenicArt | B22: Budget | C22: 0
B23: Spent | C23: =ScenicArt!I27 -> 0
B24: Remaining | C24: =ScenicArt!I28 -> 0
A26: misc | B26: Budget | C26: 0
B27: Spent | C27: =Misc!I29 -> 0
B28: Remaining | C28: =Misc!I30 -> 0

Sheet Construction
A1: =Totals!A1 -> SHOW NAME
E3: Department: | F3: Construction
E4: Budget: | F4: =Totals!C6 -> 0
B7: PC/PO/CC/EXP | C7: Name | D7: Date | E7: Item | F7: Bought/Hired/Borrowed | G7: Source | H7: Price inc VAT
H26: Total Spent | I26: =SUM(H8:H24) -> 0
H27: Remaining Budget | I27: =F4-I26 -> 0

Sheet Props
A1: =Totals!A1 -> SHOW NAME
E3: Department: | F3: Props
E4: Budget: | F4: =Totals!C10 -> 0
B7: PC/PO/CC/EXP | C7: Name | D7: Date | E7: Item | F7: Bought/Hired/Borrowed | G7: Source | H7: Price inc VAT
I9: 100 | J9: paid ticket money
I15: 50 | J15: returned
I16: 40 | J16: paid ticket money
H41: Total Spent | I41: =SUM(H8:H39) -> 0
H42: Remaining Budget | I42: =F4-I41 -> 0

Sheet Costume
A1: =Totals!A1 -> SHOW NAME
F3: Department: | G3: Costume
F4: Budget: | G4: =Totals!C14 -> 0
B7: PC/PO/CC/EXP | C7: Name | D7: Date | E7: Item | F7: Bought/Hired/Borrowed | G7: Source | H7: Price inc VAT
H48: Total Spent | I48: =SUM(H8:H46) -> 0
H49: Remaining Budget | I49: =G4-I48 -> 0

Sheet Tech
A1: =Totals!A1 -> SHOW NAME
E3: Department: | F3: Tech
E4: Budget: | F4: =Totals!C18 -> 0
B7: PC/PO/CC/EXP | C7: Name | D7: Date | E7: Item | F7: Bought/Hired/Borrowed | G7: Source | H7: Price inc VAT
H27: Total Spent | I27: =SUM(H8:H25) -> 0
H28: Remaining Budget | I28: =F4-I27 -> 0

Sheet ScenicArt
A1: =Totals!A1 -> SHOW NAME
E3: Department: | F3: ScenicArt
E4: Budget: | F4: =Totals!C22 -> 0
B7: PC/PO/CC/EXP | C7: Name | D7: Date | E7: Item | F7: Bought/Hired/Borrowed | G7: Source | H7: Price inc VAT
H27: Total Spent | I27: =SUM(H8:H25) -> 0
H28: Remaining Budget | I28: =F4-I27 -> 0

Sheet Misc
A1: =Totals!A1 -> SHOW NAME
E3: Department: | F3: Miscellaneous
E4: Budget: | F4: =Totals!C26 -> 0
B7: PC/PO/CC/EXP | C7: Name | D7: Date | E7: Item | F7: Bought/Hired/Borrowed | G7: Source | H7: Price inc VAT
H29: Total Spent | I29: =SUM(H8:H27) -> 0
H30: Remaining Budget | I30: =F4-I29 -> 0
